Map: New Gettysburg LE

Players

Fropez

  • Race: Protoss Protoss
  • League: Gold
  • Spawn Location: 5:00

ToxicZero - Winner!

  • Race: Terran Terran
  • League: Gold
  • Spawn Location: 7:00

VOD

Have the link to the VOD?

Description

Time

  • Played on: Nov. 13, 2016, 12:04 p.m.
  • Length: 11:33
Show
View Real Time Build Order
Export as new Build Order

Fropez Protoss 

Build Orders:  

Get SALT Encoding   

  12  0:01  Probe (Chrono Boost)  
  13  0:11  Probe (Chrono Boost)  
  14  0:22  Pylon  
  14  0:23  Probe (Chrono Boost)  
  15  0:40  Probe (Chrono Boost), Gateway  
  16  0:48  Assimilator  
  16  0:50  Probe (Chrono Boost)  
  17  1:01  Probe (Chrono Boost)  
  18  1:06  Gateway  
  18  1:12  Probe (Chrono Boost)  
  19  1:27  Probe (Chrono Boost)  
  20  1:36  Cybernetics Core  
  20  1:37  Probe (Chrono Boost)  
  20  1:38  Assimilator  
  21  1:48  Probe (Chrono Boost)  
  21  1:53  Pylon  
  22  2:01  Probe (Chrono Boost)  
  23  2:13  Warp Gate (Chrono Boost)  
  25  2:15  Mothership Core (Chrono Boost)  
  25  2:20  Pylon  
  25  2:23  Pylon  
  25  2:25  Pylon  
  25  2:29  Pylon  
  25  2:31  Pylon  
  24  2:44  Probe (Chrono Boost)  
  25  2:47  Adept x2  
  27  2:56  Probe (Chrono Boost)  
  28  3:06  Probe (Chrono Boost)  
  29  3:18  Probe  
  30  3:31  Probe  
  31  3:52  Nexus  
  31  3:56  Probe  
  32  4:09  Adept x2  
  36  4:16  Probe  
  37  4:20  Gateway  
  35  4:26  Pylon  
  35  4:40  Stalker x2  
  39  4:51  Probe  
  36  5:03  Probe  
  35  5:15  Probe  
  35  5:16  Pylon, Probe  
  37  5:23  Pylon  
  37  5:24  Twilight Council  
  37  5:27  Robotics Facility  
  37  5:28  Probe x2  
  39  5:37  Assimilator  
  39  5:39  Assimilator  
  39  5:40  Stalker  
  41  5:45  Stalker  
  41  5:47  Probe x2  
  45  5:53  Resonating Glaives (Chrono Boost)  
  45  5:58  Probe  
  45  5:59  Probe  
  47  6:06  Adept x2  
  47  6:11  Sentry  
  53  6:17  Probe  
  54  6:20  Probe  
  55  6:26  Immortal (Chrono Boost)  
  55  6:29  Adept x2  
  63  6:36  Probe  
  63  6:37  Probe  
  65  6:52  Probe x2, Gateway  
  67  6:55  Phoenix, Pylon  
  67  7:02  Pylon  
  67  7:04  Probe  
  67  7:07  Pylon  
  66  7:20  Observer (Chrono Boost)  
  66  7:24  Probe  
  66  7:25  Probe  
  68  7:33  Stalker  
  70  7:48  Adept x2  
  70  7:50  Gateway  
  74  7:53  Probe  
  75  8:06  Probe x2  
  75  8:10  Templar Archives  
  75  8:11  Adept x2  
  75  8:12  Pylon  
  81  8:13  Adept  
  81  8:17  Adept  
  85  8:27  Probe x2  
  85  8:30  Observer (Chrono Boost)  
  88  8:39  Probe  
  88  8:41  Adept x4  
  72  9:29  Pylon  
  72  9:30  Pylon  
  72  9:32  Pylon  
  72  9:38  Nexus  
  70  9:47  Pylon  
  52  9:52  Pylon  
  52  9:56  Pylon  
  52  9:58  Pylon  
  46  10:05  Pylon  
  42  10:09  Cybernetics Core  
  42  10:11  Pylon  
  28  10:43  Assimilator  
  28  10:54  Assimilator  
  28  11:00  Pylon  
  28  11:06  Pylon  
  28  11:13  Pylon  
  27  11:19  Adept  
  29  11:30  Gateway  
  29  11:33  Gateway  
Show
View Real Time Build Order
Export as new Build Order

ToxicZero Terran - Winner!

Build Orders: MMM Bio 

Get SALT Encoding   

  12  0:01  SCV  
  13  0:13  SCV  
  14  0:20  Supply Depot  
  14  0:25  SCV  
  15  0:42  SCV  
  16  0:43  Barracks  
  16  0:47  Refinery  
  16  0:54  SCV  
  17  1:06  SCV  
  18  1:18  SCV  
  19  1:30  SCV  
  19  1:31  Reaper  
  21  1:35  Supply Depot  
  21  1:50  SCV  
  22  1:58  Command Center  
  22  2:02  Marine  
  22  2:06  SCV  
  24  2:19  Orbital Command  
  24  2:20  Marine  
  25  2:40  Bunker  
  25  2:46  Marine  
  25  3:03  Marine  
  26  3:05  Engineering Bay  
  26  3:21  Marine  
  26  3:41  Factory  
  26  3:58  Barracks  
  26  4:00  Orbital Command  
  26  4:02  SCV  
  27  4:04  Barracks Reactor  
  27  4:38  Widow Mine  
  27  4:40  Marine x2  
  31  4:49  Orbital Command  
  30  4:55  Barracks Tech Lab  
  30  4:57  Starport  
  30  4:59  Barracks  
  30  5:20  Refinery  
  30  5:23  Barracks  
  30  5:27  SCV x2  
  32  5:33  Stimpack, Terran Infantry Weapons Level 1  
  32  5:34  Medivac  
  34  5:38  Widow Mine  
  34  5:39  SCV x2  
  38  5:51  SCV x2  
  38  5:52  Barracks Reactor  
  40  5:57  Refinery  
  40  5:58  Command Center  
  40  6:03  SCV x2  
  42  6:10  Marine  
  42  6:11  Marine x2  
  45  6:15  Barracks Tech Lab  
  45  6:20  Missile Turret  
  45  6:28  Marine  
  46  6:34  Supply Depot  
  46  6:36  Supply Depot  
  46  6:46  Missile Turret  
  46  6:50  Supply Depot  
  46  6:56  Marine x6, SCV x2  
  46  6:58  Medivac  
  46  7:00  Armory  
  56  7:14  Marine x4  
  59  7:26  Marine x2  
  59  7:28  Terran Infantry Armor Level 1  
  61  7:31  Marine  
  61  7:32  Marauder x2  
  66  7:50  Marine x4  
  68  7:51  Medivac  
  68  7:53  Marauder x2  
  68  7:56  Combat Shields  
  74  8:00  Widow Mine  
  74  8:02  Engineering Bay  
  76  8:06  SCV x2  
  78  8:16  Marine x3, Marauder x2  
  85  8:22  Starport Reactor  
  85  8:31  Refinery  
  85  8:40  Supply Depot  
  85  8:42  Supply Depot  
  85  8:45  Supply Depot  
  85  8:53  SCV  
  85  8:55  Marine  
  85  8:57  Marine, SCV  
  85  8:58  Marauder  
  77  9:05  Supply Depot  
  77  9:09  SCV  
  73  9:17  Marine  
  73  9:18  Marine x4  
  73  9:19  Marine  
  73  9:23  Medivac  
  73  9:24  Medivac  
  81  9:35  Marine x2  
  81  9:36  Marine x3  
  81  9:37  Marine  
  78  9:53  Marine x3  
  78  9:54  Marine x2  
  70  11:20  SCV x2  
Tags
 
Composition
MMM Bio
League
GoldGold
Matchup
PvT
Replay Pack
All Mines
Spawn Locations
Close Positions
Add a new tag
Caveats
  • Supply blocks, unpowered buildings, or Contaminate may cause inaccurate times.
  • Supply counts are checked every 10 seconds.